 Dungeon Crawl Stone Soup version 0.31-a0-845-g9abc20d24f (webtiles) character file.

Game seed: 7209498557528947180

1645 garrulousMonolith the Conjurer (level 8, -1/67 HPs)
             Began as a White Draconian Fire Elementalist on Oct 1, 2023.
             Was a Believer of Makhleb.
             Slain by an orc warrior
             ... wielding a +0 battleaxe
              (16 damage)
             ... on level 7 of the Dungeon.
             The game lasted 00:11:44 (7231 turns).

garrulousMonolith the Conjurer (DrFE)               Turns: 7231, Time: 00:11:44

Health: -1/67      AC:  6    Str: 16    XL:     8   Next: 67%
Magic:  8/14       EV: 11    Int: 17    God:    Makhleb [**....]
Gold:   371        SH:  7    Dex: 13    Spells: 2/15 levels left

rFire   . . .        j - +2 dagger (drain)
rCold   + . .        w - +0 kite shield
rNeg    . . .        (body armour unavailable)
rPois   +            (helmet restricted)
rElec   .            (no cloak)
rCorr   .            (no gloves)
SInv    .            (no boots)
Will    .....        k - amulet of the acrobat
Stlth   ++           q - +6 ring of strength
HPRegen 0.31/turn    v - ring of poison resistance
MPRegen 0.14/turn

%: acrobat
@: short of breath
A: breathe frost, AC +6, unfitting armour, cold resistance 1, cold-blooded
a: Breathe Frost, Renounce Religion, Minor Destruction


You were on level 7 of the Dungeon.
You worshipped Makhleb.
Makhleb was pleased with you.
You visited 2 branches of the dungeon, and saw 8 of its levels.

You collected 371 gold pieces.

Inventory:

Hand Weapons
 j - a +2 dagger of draining (weapon)
 n - a +1 vampiric long sword
Missiles
 s - 9 poisoned darts
Armour
 w - a +0 kite shield (worn)
Jewellery
 k - an amulet of the acrobat (around neck)
 q - a +6 ring of strength (left hand)
 r - an amulet of guardian spirit
 v - a ring of poison resistance (right hand)
Wands
 p - a wand of mindburst (9)
 y - a wand of polymorph (2)
Scrolls
 a - a scroll of enchant weapon
 d - 2 scrolls of noise
 m - a scroll of torment
Potions
 b - 2 potions of mutation
 h - a potion of cancellation
 i - a potion of heal wounds {unknown}
 l - a potion of resistance {unknown}
 t - a potion of might
 u - a potion of enlightenment {unknown}
 x - a potion of curing {unknown}
 z - a potion of degeneration {unknown}
 A - a potion of lignification


   Skills:
 + Level 4.5 Fighting
 + Level 4.3 Dodging
 - Level 1.7 Stealth
 + Level 4.2 Spellcasting
 * Level 6.1 Conjurations
 - Level 5.0 Fire Magic
 * Level 0.2 Invocations


You had 2 spell levels left.
You knew the following spells:

 Your Spells              Type           Power      Damage    Failure   Level
a - Foxfire               Conj/Fire      88%        2x1d8     5%          1
b - Scorch                Fire           40%        2d6       11%         2
c - Volatile Blastmotes   Fire/Tloc      24%        2d12      50%         3
d - Inner Flame           Hex/Fire       12%        N/A       50%         3
e - Flame Wave            Conj/Fire      22%        2d8       47%         4

Your spell library contained the following spells:

 Spells                   Type           Power      Damage    Failure   Level
 Slow                     Hex            12%        N/A       47%         1
 Blink                    Tloc           6%         N/A       63%         2
 Sticky Flame             Conj/Fire      22%        2d4       47%         4
 Confusing Touch          Hex            3%         N/A       85%         3
 Sigil of Binding         Hex            3%         N/A       85%         3
 Vampiric Draining        Necr           3%         2d6       85%         3
 Manifold Assault         Tloc           3%         N/A       99%         4


Dungeon Overview and Level Annotations

Branches:
Dungeon (7/15)             Temple (1/1) D:5

Altars:
Ashenzari
Cheibriados
Dithmenos
Elyvilon
Fedhas
Gozag
Hepliaklqana
Makhleb
Nemelex Xobeh
Okawaru
Qazlal
Ru
Trog
Uskayaw
Wu Jian
Xom
Yredelemnul
Zin
The Shining One

Shops:
D:5 :


Innate Abilities, Weirdness & Mutations

You can breathe waves of freezing cold which knock back foes.
Your icy white scales are hard. (AC +6)
You cannot fit into any form of body armour.
Your flesh is cold resistant. (rC+)
You are cold-blooded and may be slowed by cold attacks.


Message History

The foxfire hits the orc warrior but does no damage.
The orc warrior is moderately wounded.
The foxfire hits the orc warrior.
The orc warrior is moderately wounded.
The scorpion barely misses you. The orc completely misses you.
The orc warrior barely misses you.
The orc hits you from afar with a +0 trident.
You feel sick. You block the orc warrior's attack.
Your magical contamination has completely faded away.
Casting: Foxfire (safe; 5% risk of failure)
Confirm with . or Enter, or press ? or * to list all spells.
Flames lash the scorpion.
The scorpion is moderately wounded.
The scorpion's fire resistance burns away.
You feel sick. The scorpion barely misses you. You block the orc's attack.
You block the orc warrior's attack.
You feel sick. The scorpion stings you. The orc completely misses you. x2
You block the orc warrior's attack. The scorpion completely misses you.
You feel sick.
You are no longer poisoned.
The orc attacks as it pursues you! The orc misses you.
The orc warrior misses you. The orc completely misses you.
The scorpion is no longer more vulnerable to fire.
The orc barely misses you.
There is a stone staircase leading up here.
Things that are here:
a +0 mace; a +0 dagger of draining
Aiming: Breathe Frost (4% risk of failure)
Press: ? - help, Shift-Dir - straight line You exhale a wave of freezing cold.
The freezing breath misses the orc warrior.
The freezing breath misses the orc.
The scorpion barely misses you. You block the orc's attack.
You hit the orc warrior.
The orc warrior is heavily wounded.
The scorpion stings you. You block the orc's attack.
The orc hits you from afar with a +0 trident!
* * * LOW HITPOINT WARNING * * *
The orc warrior hits you with a +0 battleaxe!
You die...

,,,,,,***,,,,,,**,,***,*,,,,,,,,,
,**,,** *.###..###...###,,,**,,,,
***,** *####..###......,,,**,,,,
,,,,* ####...#.......,,,***,,,
,,,,* ###....#..##...,,,* *,,,
,**,* ##.............,,,***,,,
,,,,**####..##..........,,,,**,,,
,,,,,,..................,,,,,*,,,
,,,,,,,,,####..s@.......,**,,,,*,
,,,,,,,**###.#..o.......**,,,,,*,
,,,,,,***#....oo.....#..,*,,,,,,,
**,,,,..............##..,,,,,,,,,
,*,,,...................,,,*,,,,,
***,,......##.##........,,,*,,,,*
***,,.......#####.......,,,,,,,**
*,,,,........o.#$.......,,,*,****
,,,,,........#..........,,,,,,,,*


You could see an orc warrior, a scorpion and 2 orcs.

Vanquished Creatures
  Sigmund (D:4)
  Menkaure (D:4)
  2 water moccasins (D:6)
  A sky beast (D:6)
  An ice beast (D:5)
  An ogre (D:6)
  Blork the orc (D:6)
  A gnoll sergeant (D:4)
  2 scorpions
  A howler monkey (D:5)
  2 orc priests
  3 hounds
  Jessica (D:2)
  3 iguanas
  A sleepcap (D:4)
  3 orc wizards
  7 adders
  5 gnolls
  A shadow imp (D:6)
  A white imp (D:5)
  3 dart slugs (D:1)
  10 orcs
  7 ball pythons
  7 endoplasms
  2 giant cockroaches
  14 goblins
  4 hobgoblins
  5 jackals
  5 quokkas
  4 bats
  5 frilled lizards
  6 kobolds
  7 rats
118 creatures vanquished.

Vanquished Creatures (others)
  337 foxfires
337 creatures vanquished.

Grand Total: 455 creatures vanquished

Notes
Turn   | Place    | Note
-------+----------+-------------------------------------------
     0 | D:1      | garrulousMonolith the Draconian Fire Elementalist began the
                  | quest for the Orb.
     0 | D:1      | Reached XP level 1. HP: 14/14 MP: 3/3
   267 | D:1      | Reached XP level 2. HP: 21/22 MP: 0/5
   347 | D:1      | Learned a level 2 spell: Scorch
  1122 | D:2      | Reached XP level 3. HP: 27/27 MP: 2/6
  1414 | D:2      | Reached skill level 1 in Fighting
  1414 | D:2      | Reached skill level 2 in Conjurations
  1577 | D:2      | Noticed Jessica
  1597 | D:2      | Killed Jessica
  1598 | D:2      | Reached XP level 4. HP: 35/35 MP: 0/7
  1718 | D:2      | Found a burning altar of Makhleb.
  1724 | D:2      | Became a worshipper of Makhleb the Destroyer
  2609 | D:3      | Reached * piety under Makhleb
  2641 | D:3      | Reached XP level 5. HP: 17/41 MP: 3/8
  2770 | D:3      | Reached skill level 3 in Conjurations
  2887 | D:3      | Found a stormy altar of Qazlal.
  2890 | D:3      | Found a basalt altar of Yredelemnul.
  2890 | D:3      | Found a sparkling altar of Nemelex Xobeh.
  3344 | D:4      | Noticed Menkaure
  3355 | D:4      | Killed Menkaure
  3356 | D:4      | Reached XP level 6. HP: 49/49 MP: 1/10
  3709 | D:4      | Noticed Sigmund
  3717 | D:4      | Killed Sigmund
  3718 | D:4      | Reached skill level 4 in Conjurations
  3718 | D:4      | Reached skill level 5 in Fire Magic
  3718 | D:4      | Your scales start taking on an icy white colour.
  3718 | D:4      | Reached XP level 7. HP: 56/56 MP: 5/11
  3718 | D:4      | Gained mutation: Your flesh is cold resistant. (rC+) [White
                  | Draconian growth]
  3724 | D:4      | Learned a level 3 spell: Volatile Blastmotes
  3728 | D:4      | Learned a level 3 spell: Inner Flame
  4175 | D:5      | Entered Level 5 of the Dungeon
  4534 | D:5      | Found a staircase to the Ecumenical Temple.
  4543 | Temple   | Entered the Ecumenical Temple
  5238 | D:5      | Found Peovus Nyidd's Book Shop.
  5298 | D:5      | Found an ornate altar of the Wu Jian Council.
  5439 | D:4      | Reached XP level 8. HP: 41/63 MP: 8/13
  5657 | D:5      | Reached ** piety under Makhleb
  5658 | D:5      | Reached skill level 5 in Conjurations
  5829 | D:5      | Learned a level 4 spell: Flame Wave
  6158 | D:6      | Reached skill level 5 in Fire Magic
  6205 | D:6      | Noticed Blork the orc
  6244 | D:6      | Killed Blork the orc
  6905 | D:6      | Found a hazy altar of Hepliaklqana.
  6905 | D:6      | Found an opulent altar of Gozag.
  7008 | D:6      | Reached skill level 6 in Conjurations
  7231 | D:7      | Slain by an orc warrior

Illustrated notes

Levels and vault maps discovered:
D:1:      giann_forest_graveyard, layout_basic, minmay_misc_feat_hallway
D:2:      layout_loops_ring, basic_altar, uniq_jessica, uniq_robin
D:3:      layout_rooms, grunt_temple_overflow_open
D:4:      layout_gridville, uniq_menkaure, uniq_sigmund
D:5:      layout_loops_ring, nicolae_wu_jian_immortal_techniques,
          temple_fountains, serial_shops, nicolae_shop_window_shopping
D:6:      layout_gridville, gammafunk_temple_overflow_elements,
          uniq_blork_the_orc
D:7:      layout_cave_pools, enter_bailey_2
Temple:   nicolae_temple_bog_church

Skill      XL: |  1  2  3  4  5  6  7  8 |
---------------+-------------------------+-----
Dodging        | 2 3 4 |  4.3
Fighting       | 1 2 3 4 |  4.5
Conjurations   | 2 3 4 6 |  6.1
Fire Magic     | 4 4 5 |  5.0
Spellcasting   | 3 4 |  4.2
Stealth        | |  1.7
Invocations    | |  0.2

Action                     |  1- 3 |  4- 6 |  7- 9 || total
---------------------------+-------+-------+-------++-------
  Melee: Tailslap          |     4 |     2 |     3 ||     9
         Mace              |     2 |       |       ||     2
         Dagger            |    20 |    62 |    41 ||   123
         Punch             |     1 |       |       ||     1
   Cast: Foxfire           |    53 |    71 |    93 ||   217
         Scorch            |     8 |    11 |    38 ||    57
Ability: Breathe Frost     |       |       |     1 ||     1
    Use: Scroll            |       |     5 |     8 ||    13
         Potion            |       |     1 |     1 ||     2
 Armour: Skin              |    20 |    58 |    98 ||   176
  Dodge: Dodged            |    20 |    97 |   138 ||   255
  Block: Kite shield       |       |       |    32 ||    32

Table legend: (Time is in decaauts)
 A = Elapsed time spent in this place.
 B = Non-inter-level travel time spent in this place.
 C = Inter-level travel time spent in this place.
 D = Time resting spent in this place.
 E = Time spent auto-exploring this place.
 F = Levels seen in this place.
 G = Mean time per level.
                   A        B        C        D        E       F      G
               +--------+--------+--------+--------+--------+-----+--------+
         Total |   7235 |   7057 |    178 |   1367 |   4411 |   8 |  904.4 |
       Dungeon |   7233 |   7056 |    177 |   1367 |   4411 |   7 | 1033.3 |
        Temple |      1 |      0 |      1 |      0 |      0 |   1 |    1.0 |
               +--------+--------+--------+--------+--------+-----+--------+

Top non-repeatable levels by time:
     D:5: 1505 daAuts
     D:2: 1313 daAuts
     D:4: 1267 daAuts
     D:6: 1259 daAuts
     D:1: 1106 daAuts
     D:3: 748 daAuts
     D:7: 32 daAuts
  Temple: 1 daAuts
